 Dungeon Crawl Stone Soup version 0.23.1-37-gaa34b87b72 (webtiles) character file.

Game seed: 7775962241221219319

2039 Gargoyl the Chopper (level 9, -3/81 HPs)
             Began as a Centaur Abyssal Knight on Mar 27, 2019.
             Was a Priest of Lugonu.
             Slain by a centaur warrior (7 damage)
             ... on level 8 of the Dungeon.
             The game lasted 00:10:54 (7755 turns).

Gargoyl the Chopper (Centaur Abyssal Knight)        Turns: 7755, Time: 00:10:54

Health: -3/81      AC: 11    Str: 13 (15) XL:     9   Next: 4%
Magic:  12/12      EV:  7    Int:  9 (11) God:    Lugonu [***...]
Gold:   251        SH:  7    Dex: 11 (14) Spells: 8/8 levels left

rFire    + + .     SeeInvis .   a - +1 hand axe
rCold    . . .     Gourm    .   q - +0 buckler
rNeg     . . .     Faith    .   d - +0 scale mail
rPois    .         Spirit   .   (no helmet)
rElec    .         Reflect  +   g - +2 cloak
rCorr    +         Harm     .   w - +0 pair of gloves
MR       +....                  (no barding)
Stlth    ..........             j - +4 amulet of reflection
HPRegen  0.23/turn              k - ring of resist corrosion
MPRegen  0.13/turn              u - ring "Borum" {rF+ MR+ Dex+2}

@: very quick
A: large, hooves 3, deformed body, fire resistance 1, speed 2, mutation
resistance 1, robust 1, tough skin 3
a: Depart the Abyss, Bend Space, Banish, Renounce Religion


You were on level 8 of the Dungeon.
You worshipped Lugonu.
Lugonu was most pleased with you.
You were not hungry.

You visited 1 branch of the dungeon, and saw 8 of its levels.
You visited the Abyss 1 time.

You collected 251 gold pieces.

Inventory:

Hand Weapons
 a - a +1 hand axe (weapon)
Missiles
 p - 6 tomahawks (quivered)
Armour
 d - a +0 scale mail (worn)
 g - a +2 cloak (worn)
 q - a +0 buckler (worn)
 w - a +0 pair of gloves (worn)
Jewellery
 b - an uncursed ring of flight
 j - a +4 amulet of reflection (around neck)
 k - a ring of resist corrosion (left hand)
 u - the ring "Borum" (right hand) {rF+ MR+ Dex+2}
   (You found it on level 5 of the Dungeon)

   [ring of dexterity]

   It affects your dexterity (+2).
   It protects you from fire.
   It affects your resistance to hostile enchantments.
Wands
 o - a wand of clouds (2)
 v - a wand of scattershot (4)
Scrolls
 l - 5 scrolls of remove curse
 m - 3 scrolls of teleportation
 n - a scroll of blinking
 r - a scroll of identify
Potions
 e - 2 potions of haste
 h - 2 potions of brilliance
Comestibles
 c - 15 rations


   Skills:
 + Level 5.0 Fighting
 + Level 5.8 Axes
 * Level 5.2 Armour
 * Level 3.1 Dodging
 + Level 1.1 Shields
 * Level 5.2 Invocations


You had 8 spell levels left.
You didn't know any spells.
Your spell library contained the following spells:

 Spells                   Type           Power        Failure   Level  Hunger
 Confusing Touch          Hex            #.....       91%         1    ##.....
 Pain                     Necr           #...         91%         1    ##.....
 Confuse                  Hex            #.......     100%        3    ####...
 Gell's Gravitas          Tloc           #.........   100%        3    ####...
 Petrify                  Tmut/Erth      #.......     100%        4    #####..
 Metabolic Englaciation   Hex/Ice        #.........   100%        5    ######.
 Yara's Violent Unravell  Hex/Tmut       #.........   100%        5    ######.


Dungeon Overview and Level Annotations

Branches:
Dungeon (8/15)             Temple (0/1) D:4
   Lair: D:8-11

Altars:
Ashenzari
Gozag
Hepliaklqana
Kikubaaqudgha
Makhleb
Nemelex Xobeh
Okawaru
Sif Muna
Vehumet
Yredelemnul


Innate Abilities, Weirdness & Mutations

You have hooves in place of feet.
Armour fits poorly on your strangely shaped body.
You cover ground very quickly.
You have extremely tough skin. (AC +3)
Your flesh is heat resistant. (rF+)
You are somewhat resistant to further mutation.
You are robust. (+10% HP)


Message History

The centaur warrior hits you.
* * * LOW HITPOINT WARNING * * *
The centaur warrior hits you!
* * * LOW HITPOINT WARNING * * *
Your scale mail prevents you from hitting the centaur warrior.
The centaur warrior is heavily wounded.
The centaur warrior hits you.
* * * LOW HITPOINT WARNING * * *
The centaur warrior hits you but does no damage.
You block the centaur warrior's attack.
You feel better. The centaur warrior hits you.
* * * LOW HITPOINT WARNING * * *
The centaur warrior hits you!
* * * LOW HITPOINT WARNING * * *
Unknown command.
You hit the centaur warrior.
You kick the centaur warrior, but do no damage.
The centaur warrior is heavily wounded.
You closely miss the troll. The centaur warrior hits you!
You die...

######## #......# #
#......# .#
#......##.## .
#.......... ..
#........ #####.###
#......#######.).....#
#....<...(...'@c.....#
#...(..#######.T.....#
#......# #)......#
#......# #.......#
######## #.......#
#########


You could see a centaur warrior and a troll.

Vanquished Creatures
  Pikel (D:5)
  Sigmund (D:3)
  A slave (D:4)
  A necrophage (D:5)
  A phantom (D:5)
  A centaur (D:5)
  A scorpion (D:4)
  A killer bee (D:8)
  A howler monkey (D:6)
  3 crimson imps
  5 hounds
  6 orc priests
  3 orc wizards
  Natasha (twice) (D:3)
  4 worker ants
  A hound skeleton (D:5)
  A gnoll (D:1)
  10 adders
  A shadow imp (D:5)
  A white imp (Abyss:2)
  An ooze (D:4)
  An adder skeleton (D:5)
  6 worms
  4 dart slugs
  3 leopard geckos
  17 orcs
  2 ball pythons
  5 bats
  7 giant cockroaches
  2 gnoll zombies (D:5)
  11 hobgoblins
  11 jackals
  6 kobolds
  A quokka (D:4)
  3 frilled lizards
  8 goblins
  A jackal zombie (D:2)
  2 leopard gecko zombies
  7 rats
144 creatures vanquished.

Vanquished Creatures (others)
  A shadow (D:8)
1 creature vanquished.

Grand Total: 145 creatures vanquished

Notes
Turn   | Place    | Note
-------+----------+-------------------------------------------
     0 | Abyss:1  | Gargoyl the Centaur Abyssal Knight began the quest for the
                  | Orb.
     0 | Abyss:1  | Reached XP level 1. HP: 19/19 MP: 2/2
    27 | Abyss:2  | Found a corrupted altar of Lugonu.
    54 | Abyss:2  | Noticed a thrashing horror
    55 | Abyss:2  | Noticed a thrashing horror
    59 | D:1      | Escaped the Abyss
   359 | D:1      | Reached XP level 2. HP: 26/26 MP: 3/3
   407 | D:1      | Reached skill level 1 in Dodging
   689 | D:1      | Reached XP level 3. HP: 29/31 MP: 4/4
   699 | D:1      | Reached * piety under Lugonu
  1671 | D:2      | Found a deep blue altar of Sif Muna.
  1672 | D:2      | Found an ancient bone altar of Kikubaaqudgha.
  1672 | D:2      | Found a radiant altar of Vehumet.
  1676 | D:2      | Identified Kikubaaqudgha's Incunabulum of Dark Secrets
  1770 | D:2      | Reached XP level 4. HP: 39/39 MP: 5/5
  2069 | D:2      | Found a shattered altar of Ashenzari.
  2288 | D:2      | Reached ** piety under Lugonu
  2997 | D:3      | Found a sparkling altar of Nemelex Xobeh.
  2997 | D:3      | Found an opulent altar of Gozag.
  3021 | D:3      | Noticed Sigmund
  3050 | D:3      | Killed Sigmund
  3050 | D:3      | Reached XP level 5. HP: 26/46 MP: 5/7
  3050 | D:3      | Reached XP level 6. HP: 29/52 MP: 5/8
  3412 | D:3      | Found a hazy altar of Hepliaklqana.
  3495 | D:3      | Noticed Natasha
  3510 | D:3      | Killed Natasha
  3649 | D:3      | Noticed Natasha
  3662 | D:3      | Killed Natasha
  3898 | D:4      | Found an iron altar of Okawaru.
  4231 | D:4      | Found a staircase to the Ecumenical Temple.
  4621 | D:4      | Reached *** piety under Lugonu
  4697 | D:4      | Found a shattered altar of Ashenzari.
  4742 | D:4      | Noticed a slave
  4742 | D:4      | Noticed a slave
  4742 | D:4      | Noticed a slave
  4742 | D:4      | Noticed Pikel
  4754 | D:4      | Noticed a slave
  4758 | D:4      | Killed a slave
  4766 | D:4      | Reached XP level 7. HP: 39/59 MP: 9/9
  4796 | D:5      | Entered Level 5 of the Dungeon
  5015 | D:5      | Killed Pikel
  5342 | D:4      | Reached XP level 8. HP: 61/67 MP: 11/11
  5456 | D:4      | Found a burning altar of Makhleb.
  5722 | D:5      | Found a basalt altar of Yredelemnul.
  5933 | D:5      | Got a twitching granite ring
  5935 | D:5      | Identified the ring "Borum" {rF+ MR+ Dex+2} (You found it
                  | on level 5 of the Dungeon)
  6020 | D:5      | Reached skill level 5 in Axes
  6227 | D:5      | Reached **** piety under Lugonu
  6738 | D:6      | Reached skill level 1 in Shields
  6988 | D:6      | Reached skill level 5 in Armour
  6988 | D:6      | Reached skill level 5 in Invocations
  7385 | D:8      | HP: 1/67 [something (19)]
  7387 | D:8      | Reached skill level 5 in Fighting
  7387 | D:8      | Reached XP level 9. HP: 1/74 MP: 12/12
  7730 | D:8      | Gained mutation: Your flesh is heat resistant. (rF+)
                  | [potion of mutation]
  7730 | D:8      | Gained mutation: You are robust. (+10% HP) [potion of
                  | mutation]
  7730 | D:8      | Gained mutation: You are somewhat resistant to further
                  | mutation. [potion of mutation]
  7733 | D:8      | Noticed a centaur warrior
  7748 | D:8      | Noticed a troll
  7754 | D:8      | HP: 4/81 [centaur warrior (8)]
  7755 | D:8      | Slain by a centaur warrior

Skill      XL: |  1  2  3  4  5  6  7  8 |
---------------+-------------------------+-----
Dodging        | 1 2 3 |  3.1
Axes           | 2 3 4 5 |  5.8
Armour         | 2 3 4 5 |  5.2
Invocations    | 3 4 5 |  5.2
Fighting       | 4 5 |  5.0
Shields        | 1 |  1.1

Action                   |  1- 3 |  4- 6 |  7- 9 || total
-------------------------+-------+-------+-------++-------
Melee: Hand axe          |    98 |   251 |   316 ||   665
       Kick              |    17 |    49 |    81 ||   147
Invok: Depart the Abyss  |     1 |       |       ||     1
       Banish            |       |       |     1 ||     1
  Use: Scroll            |     3 |     7 |     2 ||    12
       Potion            |       |     4 |     7 ||    11
  Eat: Chunk             |     1 |     9 |     6 ||    16
       Ration            |       |       |     1 ||     1
Armor: Scale mail        |    87 |   139 |   148 ||   374
Dodge: Dodged            |    59 |    68 |    79 ||   206
Block: Other             |       |    42 |    11 ||    53
       Reflection        |       |     2 |     2 ||     4
       Buckler           |       |       |    73 ||    73
